 Dungeon Sprint DCSS version 0.28.0 (webtiles) character file.

Game seed: 15897830744628935873

470 SmokeWeed the Carver (level 6, -10/50 HPs)
             Began as a Demonspawn Gladiator on Feb 18, 2022.
             Was a Follower of Qazlal.
             Killed from afar by a black draconian (18 damage)
             ... with a bolt of lightning
             ... in the Dungeon (Sprint V: "Ziggurat Sprint").
             The game lasted 00:04:15 (146 turns).

SmokeWeed the Carver (Demonspawn Gladiator)          Turns: 146, Time: 00:04:16

Health: -10/50     AC: 22    Str: 29    XL:     6   Next: 82%
Magic:  0/6        EV:  3    Int:  9    God:    Qazlal [*.....]
Gold:   0          SH: 15    Dex: 14    Spells: 5/5 levels left

rFire   + . .      SeeInvis .   L - +7 Screaming Sword {vorpal, sonic wave}
rCold   . . .      Faith    .   o - +3 tower shield
rNeg    . . .      Spirit   .   k - +5 crystal plate armour
rPois   .          Reflect  .   O - +0 helmet "Keaqiv" {rF+ Will+}
rElec   .          Harm     .   (no cloak)
rCorr   .          Rampage  .   (no gloves)
Will    +....      NoTele   +   (no boots)
Stlth   ..........              (no amulet)
HPRegen 0.16/turn               H - +6 ring of strength
MPRegen 0.10/turn               I - +6 ring of strength

@: no status effects
A: hooves 1, foul stench 1, spiny 1
a: Renounce Religion


You were in the Dungeon.
You worshipped Qazlal.
Qazlal was aware of your devotion.
You visited 1 branch

Inventory:

Hand Weapons
 a - a +0 long sword
 p - a +5 double sword
 K - the +9 heavy crossbow "Sniper" {vorpal, Acc+∞ SInv}
   (You found it in the Dungeon)

   Any ammunition fired from it inflicts extra damage upon your enemies.
   Any ammunition fired from it never misses its target.
   SInv:      It lets you see invisible.
 L - the +7 Screaming Sword (weapon) {vorpal, sonic wave}
   (You found it in the Dungeon)

   It inflicts extra damage upon your enemies.
   It radiates damaging sonic waves as it strikes, especially in combat
   involving dangerous or numerous foes.
 M - the +11 plutonium sword {Contam Stlth-}
   (You found it in the Dungeon)

   It occasionally inflicts wild transmutation effects on those it strikes,
   inflicting malmutation or extra damage, or polymorphing them into a new form.
   Contam:    It causes magical contamination when unequipped.
   Stlth:     It makes you less stealthy.
 N - the +5 sword of Power {vorpal}
   (You found it in the Dungeon)

   It inflicts extra damage upon your enemies.
   It occasionally discharges a powerful but inaccurate bolt of energy upon
   striking a foe, with increased chance the greater the wielder's current
   health.
Missiles
 d - 3 throwing nets
Armour
 b - a +0 leather armour
 c - a +0 helmet
 k - a +5 crystal plate armour (worn)
 l - +5 gold dragon scales
 m - a +5 plate armour
 n - +5 shadow dragon scales
 o - a +3 tower shield (worn)
 O - the +0 helmet "Keaqiv" (worn) {rF+ Will+}
   (You found it in the Dungeon)

   rF:        It protects you from fire.
   Will:      It increases your willpower.
Jewellery
 C - a ring of flight
 D - a +6 ring of dexterity
 E - a +6 ring of dexterity
 F - a +6 ring of intelligence
 G - a +6 ring of intelligence
 H - a +6 ring of strength (left hand)
 I - a +6 ring of strength (right hand)
Wands
 z - a wand of mindburst (7)
 A - a wand of iceblast (5)
 B - a wand of acid (6) (quivered)
Scrolls
 j - 4 scrolls of blinking
 v - 4 scrolls of amnesia
 w - 7 scrolls of fog
 x - 5 scrolls of identify
 y - 2 scrolls of fear
Potions
 e - 10 potions of curing
 f - 10 potions of heal wounds
 g - 6 potions of haste
 h - 7 potions of magic
 i - 3 potions of berserk rage
 q - 2 potions of brilliance
 r - 2 potions of invisibility
 s - 4 potions of resistance
 t - a potion of experience
 u - 5 potions of might
Miscellaneous
 J - a lightning rod (4/4)


   Skills:
 + Level 4.8 Fighting
 + Level 8.7 Long Blades
 + Level 4.7 Throwing
 + Level 3.6 Armour
 + Level 8.3 Dodging


You had 5 spell levels left.
You didn't know any spells.
Your spell library was empty.

Dungeon Overview and Level Annotations

Branches:
Dungeon (1/1)

Altars:
Ashenzari
Cheibriados
Dithmenos
Elyvilon
Fedhas
Gozag
Hepliaklqana
Kikubaaqudgha
Makhleb
Nemelex Xobeh
Okawaru
Qazlal
Ru
Sif Muna
Trog
Uskayaw
Vehumet
Wu Jian
Xom
Yredelemnul
Zin
The Shining One
Beogh
Jiyva
Lugonu

Annotations:
D 1 transporter


Innate Abilities, Weirdness & Mutations

You have large cloven feet.
You may rarely emit foul miasma when damaged in melee.
You are partially covered in sharp spines.


Message History

The iceblast engulfs the draconian but does no damage.
The draconian is lightly wounded.
The iceblast engulfs the draconian.
The draconian is lightly wounded.
Aiming: Corrosive Bolt
Press: ? - help, Q - select action, (/) - cycle Shift-Dir - straight line, f/p - black draconian
Aim: a black draconian, wielding a +2 antimagic halberd (lightly wounded, 71% to hit)
The bolt of acid hits the black draconian!
The acid corrodes the black draconian!
The black draconian is moderately wounded.
The black draconian barely misses you.
You hit the draconian but do no damage.
The draconian is lightly wounded.
The black draconian hits you from afar with a +2 antimagic halberd.
You feel your power leaking away. You block the draconian's attack.
The draconian is struck by your spines. The draconian hits you with a +0 club.
You block the black draconian's attack.
The draconian hits you but does no damage.
The draconian is struck by your spines.
The draconian hits you but does no damage.
You slash the draconian!
The draconian is heavily wounded.
The black draconian hits you from afar with a +2 antimagic halberd!
You feel your power leaking away. You block the draconian's attack.
You slash the draconian!
The Screaming Sword shrieks, "I SMELL BLOOD!"
You send a blast of sound all around you.
The draconians and the black draconian are blasted.
The draconian is moderately wounded.
The black draconian is moderately wounded.
You kill the draconian!
Qazlal accepts your kill.
You are now surrounded by a storm.
The black draconian hits you from afar with a +2 antimagic halberd!
You block the draconian's attack.
The black draconian breathes lightning at you.
The bolt of lightning hits you!
* * * LOW HITPOINT WARNING * * *
The bolt of lightning hits you!!
You die...

▓▓▓▓▓▓▓▓▓▓▓▓▓
▓.8©8.▓.8©8.▓
▓.=)).▓.....▓
▓.....▓.|...▓
▓.....▓.....▓
▓..d..▓..)(.▓
▓.d...▓..©..▓
▓.)@..▓▓▓▓▓▓▓
▓▓▓▓▓▓▓


You could see a black draconian (catching breath, corroded) and a draconian.

Vanquished Creatures
  A cyclops (D)
  A draconian (D)
  An ogre (D)
3 creatures vanquished.

Notes
Turn   | Place    | Note
-------+----------+-------------------------------------------
     0 | D        | SmokeWeed the Demonspawn Gladiator began the quest for the
                  | Orb.
     0 | D        | Reached XP level 1. HP: 16/16 MP: 1/1
     3 | D        | Found a blossoming altar of Fedhas.
     3 | D        | Found the +6 Majin-Bo {vamp, MP+6 Int+6}
     3 | D        | Found the +9 heavy crossbow "Sniper" {vorpal, Acc+∞ SInv}
     3 | D        | Found the +10 dark maul {vorpal}
     3 | D        | Found the +15 Maxwell's patent armour {-Cast -Tele rElec
                  | Will+ rCorr}
     3 | D        | Found the +18 shield of the Gong {rElec rN+ Will+ EV-5}
     3 | D        | Found the +14 obsidian axe {vorpal, Mesm Drain Fly SInv}
     3 | D        | Found the +7 great mace "Firestarter" {inner flame, rF++}
     3 | D        | Found the +6 shillelagh "Devastator" {shatter}
     3 | D        | Found the +11 plutonium sword {Contam Stlth-}
     3 | D        | Found the +8 lance "Wyrmbane" {slay drac, rPois rF+ rC+
                  | AC+3}
     3 | D        | Found the +9 sword of Zonguldrok {reap}
     3 | D        | Found the +13 scythe of Curses {drain, Drain}
     3 | D        | Found the +5 sword of Power {vorpal}
     3 | D        | Found the +7 mace of Variability {chain chaos}
     3 | D        | Found the +7 Singing Sword {vorpal, sonic wave}
     3 | D        | Found the +8 storm bow {elec, penet}
     5 | D        | Found a viscous altar of Jiyva.
     5 | D        | Found a hazy altar of Hepliaklqana.
     5 | D        | Found a transporter.
     5 | D        | Found an opulent altar of Gozag.
     5 | D        | Found an ancient bone altar of Kikubaaqudgha.
     5 | D        | Found a corrupted altar of Lugonu.
    76 | D        | Found a shimmering blue altar of Sif Muna.
    76 | D        | Found a sacrificial altar of Ru.
    76 | D        | Found a bloodstained altar of Trog.
    76 | D        | Found a stormy altar of Qazlal.
    76 | D        | Found an iron altar of Okawaru.
    76 | D        | Found a sparkling altar of Nemelex Xobeh.
    78 | D        | Found a burning altar of Makhleb.
   109 | D        | Became a worshipper of Qazlal Stormbringer
   117 | D        | Entered arena 2.
   117 | D        | Noticed an ogre
   117 | D        | Noticed a cyclops
   117 | D        | Found a transporter.
   119 | D        | Killed a cyclops
   120 | D        | Discovered your monstrous ancestry.
   120 | D        | Gained mutation: You have large cloven feet. [demonic
                  | ancestry]
   120 | D        | Reached XP level 2. HP: 26/26 MP: 2/2
   120 | D        | Gained mutation: You may rarely emit foul miasma when
                  | damaged in melee. [demonic ancestry]
   120 | D        | Reached XP level 3. HP: 32/32 MP: 3/3
   120 | D        | Reached XP level 4. HP: 38/38 MP: 4/4
   120 | D        | Gained mutation: You are partially covered in sharp spines.
                  | [demonic ancestry]
   120 | D        | Reached XP level 5. HP: 43/43 MP: 5/5
   120 | D        | Reached XP level 6. HP: 50/50 MP: 6/6
   125 | D        | Got the +0 helmet "Keaqiv" {rF+ Will+}
   140 | D        | Entered arena 3.
   140 | D        | Noticed a draconian
   140 | D        | Noticed a black draconian
   140 | D        | Noticed a draconian
   140 | D        | Found a transporter.
   146 | D        | Killed a draconian
   146 | D        | Reached * piety under Qazlal
   146 | D        | Killed from afar by a black draconian

Illustrated notes

Levels and vault maps discovered:
D:        sprint_v [room_start, room_1, room_2, room_3, room_4, room_5, room_6,
          room_7, room_8, room_9, room_10, room_11, room_12, room_13, room_14,
          room_15, room_16, room_17, room_18, room_19, room_20, room_21,
          room_22, room_23, room_24, room_25, room_26, room_27]

Skill      XL: |  1  2  3  4  5  6 |
---------------+-------------------+-----
Fighting       | 4 |  4.8
Long Blades    | 8 |  8.7
Throwing       | 4 |  4.7
Dodging        | 8 |  8.3
Armour         | 3 |  3.6

Action                   |  1- 3 |  4- 6 || total
-------------------------+-------+-------++-------
Melee: Double sword      |     1 |     4 ||     5
Throw: Throwing net      |     1 |       ||     1
Evoke: Wand              |       |     3 ||     3
Armor: Crystal plate arm |     1 |     2 ||     3
Dodge: Dodged            |       |     1 ||     1
Block: Tower shield      |     1 |     4 ||     5
